 Dungeon Crawl Stone Soup version 0.19-a0-1920-g83281cb (webtiles) character file.

883 LORDOFBUTT the Covert (level 7, 0/33 HPs)
             Began as a Spriggan Assassin on Oct 24, 2016.
             Was an Initiate of Gozag.
             Slain by a wyvern (10 damage)
             ... on level 8 of the Dungeon.
             The game lasted 00:07:31 (4315 turns).

LORDOFBUTT the Covert (Spriggan Assassin)           Turns: 4315, Time: 00:07:32

Health: 0/33       AC:  5    Str:  8    XL:     7   Next: 76%
Magic:  8/8        EV: 21    Int: 13    God:    Gozag
Gold:   257        SH:  0    Dex: 18    Spells: 0 memorised, 6 levels left

rFire  . . .     SeeInvis +     x - +6 short sword "Mylan" {freeze, rC+}
rCold  + . .     Gourm    .     c - +0 robe
rNeg   . . .     Faith    .     (shield restricted)
rPois  +         Spirit   .     (helmet restricted)
rElec  .         Reflect  .     d - +2 cloak
rCorr  .         Harm     .     (gloves unavailable)
MR     +....                    (boots unavailable)
Stlth  ++++++....               (no amulet)
                                G - ring of stealth
                                s - ring of poison resistance

@: very quick
A: unfitting armour, see invisible, herbivore 3, speed 3, slow metabolism 2
a: Potion Petition, Call Merchant, Bribe Branch, Renounce Religion


You were on level 8 of the Dungeon.
You worshipped Gozag.
Gozag was aware of your devotion.
You were not hungry.

You visited 2 branches of the dungeon, and saw 9 of its levels.
You also visited: Sewer.

You collected 343 gold pieces.
You paid 86 gold pieces to Gozag.

Inventory:

Hand Weapons
 a - a +2 dagger
 b - a +0 blowgun
 x - the +6 short sword "Mylan" (weapon) {freeze, rC+}
   (You found it on level 4 of the Dungeon)

   It has been specially enchanted to freeze those struck by it, causing extra
   injury to most foes and up to half again as much damage against particularly
   susceptible opponents.
   It can also slow down cold-blooded creatures.
   It protects you from cold.
Missiles
 e - 14 poisoned needles
 f - 9 curare-tipped needles
Armour
 c - a +0 robe (worn)
 d - a +2 cloak (worn)
Jewellery
 s - a ring of poison resistance (left hand)
 G - a ring of stealth (right hand)
Scrolls
 h - a scroll of remove curse
 j - a scroll of identify
 l - a scroll of fog {unknown}
 m - a scroll of immolation {unknown}
 o - 2 scrolls of noise
 p - 2 scrolls of random uselessness {unknown}
 r - a scroll of enchant weapon {unknown}
 t - 3 scrolls of teleportation {unknown}
 y - 2 scrolls of magic mapping {unknown}
 B - 2 scrolls of fear
 D - 3 scrolls of blinking
 E - a scroll of recharging {unknown}
 F - a scroll of amnesia {unknown}
Potions
 i - a potion of curing {unknown}
 n - 2 potions of heal wounds
 q - a potion of degeneration {unknown}
 u - 2 potions of mutation
 v - 3 potions of ambrosia
 w - a potion of cancellation {unknown}
 z - a potion of flight {unknown}
 A - a potion of magic {unknown}
 C - 2 potions of might
Comestibles
 g - 6 bread rations


   Skills:
 - Level 1.5 Fighting
 + Level 4.6 Short Blades
 + Level 4.4 Throwing
 + Level 5.8 Dodging
 * Level 10.3 Stealth


You had 6 spell levels left.
You didn't know any spells.

Dungeon Overview and Level Annotations

Branches:
Dungeon (9/15)             Temple (1/1) D:5
   Lair: D:8-11         Orc: D:9-12

Altars:
Ashenzari
Cheibriados
Dithmenos
Elyvilon
Fedhas
Gozag
Hepliaklqana
Kikubaaqudgha
Makhleb
Nemelex Xobeh
Okawaru
Qazlal
Ru
Sif Muna
Trog
Uskayaw
Vehumet
Xom
Yredelemnul
Zin
The Shining One

Shops:
D:4 *

Annotations:
D:8 taqueso's ghost, novice TrHu


Innate Abilities, Weirdness & Mutations

You are very small and have problems with some larger weapons.
You are too small for most types of armour.
You have supernaturally acute eyesight. (SInv)
You are a herbivore.
You cover ground extremely quickly.
You need consume almost no food.


Message History

u - 2 potions of mutation
As you read the scroll of identify, it crumbles to dust.
D - 3 scrolls of blinking
As you read the scroll of identify, it crumbles to dust.
v - 3 potions of ambrosia
As you read the scroll labeled IWIESIXTA IFANENURR, it crumbles to dust.
It is a scroll of enchant armour.
Your +0 cloak glows green for a moment.
The wyvern completely misses you.
As you read the scroll of enchant armour, it crumbles to dust.
Your +1 cloak glows green for a moment.
The wyvern completely misses you. The wyvern closely misses you.
You hit the wyvern but do no damage. The wyvern barely misses you. x2
You hit the wyvern. You freeze the wyvern.
The wyvern is moderately wounded.
The wyvern completely misses you.
You barely miss the wyvern.
The wyvern is moderately wounded.
The wyvern bites you!
You die...
Your body crumbles into a pile of gold.

#.###.#...#....###
..# ##..#........#
#.## ..........#.#
# .........#.#
##.......#.#
####...###.#.#
.......###)#.#
#.####.#.......#
#.....@l..n.)###
######.####.#.#
#.# #.###.. #.. ##
#.# #.#. .# #.#.#
# #.# # #.#


You could see a wyvern and a necrophage.

Vanquished Creatures
  The ghost of tiktok the Slasher, an amateur MiFi (D:5)
  A sky beast (D:5)
  A bullfrog (D:3)
  A wyvern zombie (D:9)
  A hound (D:6)
  An orc wizard (D:5)
  3 orc priests (D:5)
  A bullfrog skeleton (D:4)
  A worker ant (D:4)
  A hound skeleton (D:5)
  A worker ant zombie (D:5)
  4 gnolls (D:5)
  9 adders
  An adder skeleton (D:5)
  5 worms
  2 leopard geckos
  8 orcs
  4 ball pythons
  3 bats
  11 giant cockroaches
  5 goblins
  10 hobgoblins
  4 jackals (D:3)
  8 kobolds
  A quokka (D:4)
  7 frilled lizards
  7 rats
102 creatures vanquished.

Notes
Turn   | Place    | Note
-------+----------+-------------------------------------------
     0 | D:1      | LORDOFBUTT the Spriggan Assassin began the quest for the Orb.
     0 | D:1      | Reached XP level 1. HP: 10/10 MP: 2/2
    81 | D:1      | Reached skill level 6 in Stealth
   134 | D:1      | Reached XP level 2. HP: 14/14 MP: 3/3
   677 | D:2      | Reached XP level 3. HP: 18/18 MP: 4/4
  1382 | D:3      | Reached XP level 4. HP: 17/22 MP: 5/5
  1475 | D:3      | Reached skill level 7 in Stealth
  1965 | D:3      | Noticed a bullfrog
  1993 | D:3      | Killed a bullfrog
  1993 | D:3      | Reached XP level 5. HP: 11/25 MP: 6/6
  2355 | D:4      | Found Unib's Assorted Antiques.
  2387 | D:4      | Reached skill level 8 in Stealth
  2499 | D:4      | Got a smoking short sword
  2500 | D:4      | Identified the +6 short sword "Mylan" {freeze, rC+} (You found it on level 4 of the Dungeon)
  2783 | D:5      | Entered Level 5 of the Dungeon
  2820 | D:5      | Found a glowing drain.
  2864 | D:5      | Noticed tiktok's ghost (amateur MiFi)
  2899 | Sewer    | Entered a sewer
  2920 | Sewer    | Reached XP level 6. HP: 30/30 MP: 7/7
  3497 | D:5      | Killed tiktok's ghost
  3497 | D:5      | Reached skill level 5 in Dodging
  3497 | D:5      | Reached skill level 9 in Stealth
  3497 | D:5      | Reached XP level 7. HP: 26/33 MP: 8/8
  3669 | D:5      | Found a staircase to the Ecumenical Temple.
  3869 | D:5      | Reached skill level 10 in Stealth
  4053 | Temple   | Entered the Ecumenical Temple
  4175 | Temple   | Became a worshipper of Gozag Ym Sagoz the Greedy
  4246 | D:6      | You fall through a shaft for 3 floors!
  4258 | D:8      | Noticed taqueso's ghost (novice TrHu)
  4260 | D:8      | Noticed a wyvern
  4315 | D:8      | Slain by a wyvern

Vault maps used:
D:1:      evilmike_arrival_plus
D:3:      minmay_roachtagon, first_bread, minmay_curled_crystal
D:4:      serial_shops, shop
D:5:      portal_sewer_entry_e
D:6:      serial_glass, glass_columns_b, glass_columns_c, item_on_display_b
D:8:      lair_0_dummy, serial_undead, serial_undead_b, serial_undead_a,
          serial_undead_b, serial_undead_e, serial_undead_f, serial_undead_f,
          serial_undead_a, serial_undead_f, serial_undead_a, serial_undead_d
Temple:   compressed_dpeg_circular_temple
Sewer:    sewer_co_cracked_pipes

Skill      XL: |  1  2  3  4  5  6  7 |
---------------+----------------------+-----
Dodging        | 2 3 4 5 |  5.8
Stealth        | 6 7 8 9 10 | 10.3
Short Blades   | 3 4 |  4.6
Throwing       | 3 4 |  4.4
Fighting       | |  1.5

Action                   |  1- 3 |  4- 6 |  7- 9 || total
-------------------------+-------+-------+-------++-------
Melee: Dagger            |   157 |   126 |       ||   283
       Short sword       |       |    87 |    27 ||   114
 Fire: Blowgun           |     5 |     2 |       ||     7
  Use: Potion            |       |     3 |       ||     3
       Scroll            |       |     3 |     6 ||     9
 Stab: Sleeping          |    10 |     4 |     6 ||    20
       Distracted        |     1 |     3 |       ||     4
  Eat: Fruit             |       |     2 |       ||     2
Armor: Robe              |    17 |    33 |       ||    50
Dodge: Dodged            |   147 |   249 |    14 ||   410
